 Dungeon Crawl Stone Soup version 0.27-a0-92-g39ad13b146 (webtiles) character file.

Game seed: 17156133616549770632

322260 knot the Executioner (level 21, 148/161 HPs)
             Began as a Demonspawn Berserker on Jan 16, 2021.
             Was an Elder of Trog.
             Quit the game on level 2 of the Depths.
             The game lasted 03:01:46 (56704 turns).

knot the Executioner (Demonspawn Berserker)        Turns: 56704, Time: 03:01:47

Health: 148/161    AC: 43    Str: 22      XL:     21   Next: 0%
Magic:  21/21      EV: 24    Int: 12 (13) God:    Trog [****..]
Gold:   2100       SH:  5    Dex: 14      Spells: 20/20 levels left

rFire    . . .     SeeInvis +   t - +7 battleaxe (flame)
rCold    + . .     Faith    .   (shield currently unavailable)
rNeg     . . .     Spirit   +   X - +14 crystal plate armour
rPois    .         Reflect  +   (helmet unavailable)
rElec    .         Harm     .   T - scarf {repulsion}
rCorr    .         Rampage  .   z - +2 pair of gloves
Will     ++...     Rnd*Tele +   j - +2 pair of boots {Fly}
Stlth    ..........             x - amulet of reflection
HPRegen  1.36/turn              w - +4 ring of evasion
MPRegen  0.34/turn              r - +4 ring of evasion

@: flying, studying 3 skills, repel missiles
A: antennae 3, hooves 1, see invisible, cold resistance 1, dopey 1,
strong-willed 1, powered by death 3, strong 1, teleportitis 1, magic shield,
magic regeneration, freezing cloud immunity, sturdy frame 3
}: 1/15 runes: gossamer
a: Stop Flying, Renounce Religion, Berserk, Trog's Hand, Brothers in Arms


You were on level 2 of the Depths.
You worshipped Trog.
Trog was greatly pleased with you.
You visited 8 branches of the dungeon, and saw 35 of its levels.
You visited the Abyss 1 time.
You visited 1 bazaar.
You also visited: Sewer, Gauntlet, Volcano and Wizlab.

You collected 5408 gold pieces.
You spent 3308 gold pieces at shops.

Inventory:

Hand Weapons
 t - a +7 battleaxe of flaming (weapon)
 J - a +4 executioner's axe of venom
Missiles
 g - 3 silver boomerangs
 h - 7 datura-tipped darts
 m - 76 poisoned darts
 s - 5 curare-tipped darts (quivered)
 A - 14 silver javelins
 E - 8 boomerangs
 P - 19 javelins
 Q - 5 boomerangs of dispersal
Armour
 j - a +2 pair of boots of flying (worn)
 p - the +3 cloak "Fiocsuuph" {rF+ rN+ Will+ Dex+4}
   (You found it on level 3 of the Vaults)

   It affects your dexterity (+4).
   It protects you from fire.
   It protects you from negative energy.
   It affects your willpower, your defense against some magical effects.
 z - a +2 pair of gloves (worn)
 T - a scarf of repulsion (worn)
 X - a +14 crystal plate armour (worn)
Jewellery
 a - the ring of Nilisiwn {rN+ Str+2}
   (You found it on level 4 of the Spider Nest)

   [ring of positive energy]

   It affects your strength (+2).
   It protects you from negative energy.
 b - a +4 ring of protection
 r - a +4 ring of evasion (right hand)
 v - an uncursed amulet of faith
 w - a +4 ring of evasion (left hand)
 x - an amulet of reflection (around neck)
 G - the amulet "Coavocom" {Acrobat rC++ Str-4 Int+2 SInv}
   (You took it off a deep elf demonologist on level 2 of the Vaults)

   [amulet of the acrobat]

   It helps you evade while moving and waiting.
   It affects your strength (-4).
   It affects your intelligence (+2).
   It greatly protects you from cold.
   It lets you see invisible.
 M - the ring "Ageong" {rF+ MP+9}
   (You found it on level 8 of the Dungeon)

   [ring of magical power]

   It protects you from fire.
   It affects your magic capacity (+9).
 S - an uncursed ring of protection from cold
 U - the ring of Ephemeral Luck {rC+ rN+ Will+ Str-3 Stlth-}
   (You found it in a Gauntlet)

   [ring of attention]

   It affects your strength (-3).
   It protects you from cold.
   It protects you from negative energy.
   It affects your willpower, your defense against some magical effects.
   It makes you less stealthy.
Wands
 d - a wand of digging (12)
 B - a wand of acid (23)
 Y - a wand of disintegration (34)
Scrolls
 k - 2 scrolls of fear
 l - 16 scrolls of remove curse
 q - 11 scrolls of identify
 D - 9 scrolls of teleportation
 F - a scroll of fog
 H - a scroll of silence
Potions
 e - 4 potions of berserk rage
 i - 6 potions of curing
 n - 3 potions of might
 o - 6 potions of attraction
 u - 2 potions of cancellation
 I - 6 potions of haste
 N - a potion of invisibility
 R - 4 potions of magic
Books
 c - a manual of Staves
 f - a manual of Stealth
 V - a manual of Dodging
Miscellaneous
 y - a phantom mirror
 C - a lightning rod (4/4)
 L - a tin of tremorstones (2/2)
 Z - a box of beasts


   Skills:
 - Level 12.8 Fighting
 * Level 21.6 Axes
 - Level 15.5 Throwing
 * Level 13.7 Armour
 * Level 17.3 Dodging


You had 20 spell levels left.
You didn't know any spells.
Your spell library contained the following spells:

 Spells                   Type           Power        Failure   Level
 Animate Skeleton         Necr           0%           95%         1
 Apportation              Tloc           0%           95%         1
 Corona                   Hex            0%           95%         1
 Foxfire                  Conj/Fire      0%           95%         1
 Magic Dart               Conj           0%           95%         1
 Pain                     Necr           0%           95%         1
 Sting                    Tmut/Pois      0%           95%         1
 Summon Small Mammal      Summ           0%           95%         1
 Blink                    Tloc           N/A          98%         2
 Call Imp                 Summ           0%           98%         2
 Ensorcelled Hibernation  Hex/Ice        0%           98%         2
 Poisonous Vapours        Pois/Air       0%           98%         2
 Searing Ray              Conj           0%           98%         2
 Slow                     Hex            0%           98%         2
 Call Canine Familiar     Summ           0%           100%        3
 Confusing Touch          Hex            0%           100%        3
 Conjure Flame            Conj/Fire      0%           100%        3
 Dazzling Flash           Conj/Hex       0%           100%        3
 Frozen Ramparts          Ice            0%           100%        3
 Ignite Poison            Fire/Tmut/Pois 0%           100%        3
 Mephitic Cloud           Conj/Pois/Air  0%           100%        3
 Ozocubu's Armour         Ice            0%           100%        3
 Summon Guardian Golem    Hex/Summ       0%           100%        3
 Tukima's Dance           Hex            0%           100%        3
 Vampiric Draining        Necr           0%           100%        3
 Animate Dead             Necr           0%           100%        4
 Cause Fear               Hex            0%           100%        4
 Fulminant Prism          Conj/Hex       0%           100%        4
 Ice Form                 Ice/Tmut       0%           100%        4
 Iskenderun's Mystic Bla  Conj/Tloc      0%           100%        4
 Olgreb's Toxic Radiance  Pois           0%           100%        4
 Summon Ice Beast         Ice/Summ       0%           100%        4
 Summon Lightning Spire   Summ/Air       0%           100%        4
 Agony                    Necr           0%           100%        5
 Silence                  Hex/Air        0%           100%        5
 Summon Demon             Summ           0%           100%        5
 Summon Forest            Summ/Tloc      0%           100%        5
 Summon Mana Viper        Hex/Summ       0%           100%        5
 Yara's Violent Unravell  Hex/Tmut       0%           100%        5
 Conjure Ball Lightning   Conj/Air       0%           100%        6
 Freezing Cloud           Conj/Ice/Air   0%           100%        6
 Shadow Creatures         Summ           N/A          100%        6
 Dragon Form              Tmut           0%           100%        7
 Summon Hydra             Summ           0%           100%        7
 Discord                  Hex            0%           100%        8
 Dragon's Call            Summ           0%           100%        9
 Tornado                  Air            0%           100%        9


Dungeon Overview and Level Annotations

Branches:
Dungeon (15/15)            Temple (1/1) D:6            Lair (5/6) D:10
  Swamp (3/4) Lair:2       Spider (4/4) Lair:2        Slime (0/5) Lair:5
    Orc (2/2) D:11            Elf (0/3) Orc:2        Vaults (3/5) D:14
  Crypt (0/3) Vaults:2     Depths (2/5) D:15          Sewer (visited)
Volcano (visited)          WizLab (visited)         Gauntlet (visited)

Altars:
Ashenzari
Cheibriados
Dithmenos
Elyvilon
Fedhas
Gozag
Hepliaklqana
Kikubaaqudgha
Makhleb
Nemelex Xobeh
Okawaru
Qazlal
Ru
Sif Muna
Trog
Uskayaw
Vehumet
Wu Jian
Xom
Yredelemnul
Zin
The Shining One
Beogh
Jiyva

Shops:
D:4 (   D:6 ?*[==   D:10 [   D:14 [   Orc:2 [:!?   Vaults:1 *   Depths:1 !}

Portals:
Hell: Depths:1 Depths:2
Abyss: Depths:2

Annotations:
D:6 exclusion: statue


Innate Abilities, Weirdness & Mutations

You have a pair of large antennae on your head. (SInv)
Your flesh is cold resistant. (rC+)
You regenerate a lot of health from kills.
When hurt, damage is shared between your health and your magic reserves.
You regenerate magic rapidly.
You are immune to freezing clouds.
Your movements are significantly less encumbered by armour. (ER -6)
You have large cloven feet.
You have supernaturally acute eyesight. (SInv)
You are dopey. (Int -2)
You are strong-willed. (Will+)
Your muscles are strong. (Str +2)
You are occasionally teleported next to monsters.


Message History

There is an open door here.
You reach down and open the door.
A spark wasp comes into view.
The spark wasp buzzes angrily.
The spark wasp stings you but does no damage.
There is an open door here.
You slice the spark wasp!! You burn the spark wasp!
The spark wasp is heavily wounded.
The spark wasp closely misses you.
You slice the spark wasp!! You burn the spark wasp!
You kill the spark wasp!
Trog accepts your kill.
You feel your intelligence returning.
You have reached level 21!
Your experience leads to an increase in your attributes!
Your base attributes are Str 20, Int 14, Dex 14.
Increase (S)trength, (I)ntelligence, or (D)exterity?
You feel clever.
Your demonic ancestry asserts itself...
You feel less concerned about cold.
Are you sure you want to abandon this character and quit the game? (Confirm with "yes".)

................................#
#######################.........#
....................≈##...).....#
####################.##.........#
#....#.##.........#
#....#.##.........# {
{#....#.##(........#
#.†..#.##.........#
###+###@###.##........##
............##........#8
###+###'###⌠##..#######∩ {
#...#≈##..# #8 {
#)).#≈##..######## { { {
#...#≈##.......... {{{
#...#≈##).........
#######################.#########
................).......#


There were no monsters in sight!

Vanquished Creatures
  Nikola (Swamp:3)
  Arachne (Spider:2)
  2 tentacled starspawn (Abyss:2)
  A storm dragon (Depths:2)
  Kirke (D:14)
  A tengu reaver (Depths:1)
  An ancient champion (WizLab)
  A deep elf sorcerer (Vaults:2)
  2 frost giants (Depths:2)
  2 fire giants (Depths:2)
  9 vault wardens
  3 ghost moths (Spider:4)
  3 emperor scorpions (Spider:4)
  3 very ugly things (Vaults:1)
  5 ironheart preservers
  8 stone giants
  2 deep elf demonologists (Vaults:2)
  2 deep elf annihilators
  6 spark wasps
  An entropy weaver (Vaults:2)
  5 bunyips
  5 ettins
  A blizzard demon (Abyss:2)
  A deep elf death mage (Vaults:2)
  A merfolk javelineer (Depths:1)
  2 eleionomae
  3 shambling mangroves
  9 yaktaur captains
  4 great orbs of eyes
  2 fire dragons
  7 boulder beetles
  A deep elf high priest (Depths:2)
  2 vault guards
  Harold (Lair:2)
  5 ice dragons
  A spriggan air mage (Depths:2)
  5 rakshasas
  Erolcha (Orc:2)
  A ghost crab (Swamp:3)
  A catoblepas (D:14)
  9 hydras
  9 centaur warriors
  An anaconda (Lair:5)
  3 alligators
  A two-headed ogre (shapeshifter) (Vaults:3)
  6 deep troll shamans (Depths:2)
  7 ogre magi
  28 two-headed ogres
  6 death yaks (Lair:5)
  6 tengu warriors
  3 deep troll earth magi (Depths:2)
  4 deep elf knights
  2 spriggan berserkers (Depths:2)
  23 skeletal warriors
  2 goliath frogs (Swamp:3)
  A sixfirhy (Abyss:2)
  A wretched star (Abyss:2)
  A shadow wraith (Vaults:1)
  8 deep trolls
  An unseen horror (shapeshifter) (Vaults:2)
  5 unseen horrors (Vaults:1)
  6 bog bodies
  2 spriggan druids
  8 swamp dragons
  2 glowing orange brains
  7 ironbrand convokers
  5 wizards
  3 necromancers
  Pikel (D:8)
  3 large abominations (Abyss:2)
  11 orc knights
  5 deep elf archers
  A harpy (shapeshifter) (Depths:1)
  18 orb spiders
  43 wolf spiders
  3 oklob plants (Lair:1)
  10 orc sorcerers
  A tengu skeleton (Vaults:2)
  51 ugly things
  3 moths of wrath (Spider:4)
  9 deep elf magi
  A salamander (Depths:1)
  4 will-o-the-wisps
  A worldbinder (Abyss:2)
  6 cyclopes
  4 black mambas (Lair:5)
  2 fire giant skeletons (Vaults:2)
  9 vault sentinels
  2 stone giant skeletons
  2 torpor snails
  2 black mambas (shapeshifter)
  2 molten gargoyles (Volcano)
  The ghost of tinescath the Magician, a novice DEFE (D:4)
  Maurice (D:13)
  A smoke demon (Abyss:2)
  11 elephants
  6 gargoyles
  6 cane toads
  3 rime drakes
  2 freezing wraiths
  A kobold demonologist (D:11)
  3 tengu conjurers
  2 efreet
  9 demonic crawlers
  51 yaktaurs
  A komodo dragon (shapeshifter) (Vaults:2)
  7 komodo dragons
  2 hellwings (Abyss:2)
  A queen bee (shapeshifter) (D:14)
  27 jumping spiders
  A yaktaur skeleton (Vaults:2)
  3 meliai (shapeshifter)
  3 trolls (shapeshifter)
  2 polar bears
  7 trolls
  2 jumping spiders (shapeshifter)
  A bloated husk (Swamp:2)
  12 blink frogs
  30 slime creatures
  11 raiju (Abyss:2)
  26 hornets
  6 tyrant leeches
  9 dream sheep
  2 human simulacra (Vaults:2)
  61 redbacks
  A shadow (D:8)
  A tarantella (shapeshifter) (Vaults:1)
  3 wyverns
  2 ettin skeletons (Vaults:2)
  48 yaks
  29 tarantellas
  2 wraiths
  4 vampires (WizLab)
  A fire elemental (Volcano)
  11 spriggans
  5 fire bats (Volcano)
  A hog (D:14)
  4 basilisks
  2 golden eyes (Abyss:2)
  9 vampire mosquitoes
  18 wargs
  14 swamp worms
  3 two-headed ogre zombies (WizLab)
  A soldier ant (D:13)
  A deep troll zombie (Vaults:1)
  4 acid dragons
  13 water moccasins
  3 swamp drakes
  3 sky beasts
  42 orc warriors
  4 black bears
  4 necrophages
  3 eyes of draining
  Purgy (Sewer)
  6 ice beasts
  2 phantoms
  24 ogres
  5 boggarts
  The ghost of lessens the Shooter, an amateur DrAM (D:3)
  24 wolves
  9 centaurs
  An orc skeleton (Vaults:2)
  Blork the orc (D:6)
  A wyvern zombie (D:12)
  19 bullfrogs
  A small abomination (Abyss:2)
  6 human skeletons
  3 wyvern skeletons
  4 scorpions
  7 troll zombies (WizLab)
  19 wights
  8 killer bees
  2 howler monkeys
  5 electric eels
  5 centaur zombies
  8 hounds
  5 lava snakes (Volcano)
  2 quasits
  4 bullfrog zombies
  2 bullfrog skeletons
  39 orc wizards
  27 orc priests
  A hound (shapeshifter) (Depths:2)
  4 centaur skeletons
  Jessica (D:2)
  3 iguanas
  16 worker ants
  3 killer bee zombies
  5 ogre zombies (WizLab)
  2 hound skeletons
  3 gnolls
  20 adders
  3 shadow imps
  7 white imps
  2 ufetubi
  An ooze (D:3)
  An adder zombie (D:7)
  2 worms
  4 dart slugs
  7 leopard geckos
  168 orcs
  3 ball pythons
  4 giant cockroaches
  7 goblins
  14 jackals
  3 quokkas
  4 bats
  5 frilled lizards
  A jackal skeleton (D:6)
  13 kobolds
  A leopard gecko skeleton (D:8)
  7 rats
  A plant (Lair:1)
  A starspawn tentacle (Abyss:2)
1572 creatures vanquished.

Vanquished Creatures (collateral kills)
  2 ancient liches
  Bai Suzhen (Swamp:3)
  The ghost of hehateme the Sniper, a veteran KoHu of Okawaru (Vaults:2)
  Rupert (D:14)
  The ghost of Xafer the Impaler, an adept DsGl of Okawaru (Vaults:3)
  A titan (Vaults:2)
  Donald (Orc:2)
  A fenstrider witch (Swamp:2)
  An orc warlord (Orc:1)
  A frost giant (Vaults:2)
  An ironheart preserver (Vaults:3)
  A deep elf demonologist (Vaults:2)
  An entropy weaver (Spider:2)
  A minotaur (Gauntlet)
  A deep elf death mage (Vaults:2)
  An ettin (D:15)
  A blizzard demon (Gauntlet)
  A great orb of eyes (Gauntlet)
  2 rakshasas
  An alligator (Swamp:2)
  A centaur warrior (D:8)
  A two-headed ogre (D:14)
  Nergalle (Orc:2)
  2 skeletal warriors (D:11)
  3 goliath frogs
  A wizard (D:14)
  A necromancer (D:14)
  An orb spider (Spider:4)
  5 orc sorcerers
  3 ugly things
  A wolf spider (Vaults:3)
  A black mamba (Lair:2)
  A demonic crawler (Spider:2)
  A freezing wraith (D:11)
  An ancient zyme (Abyss:2)
  2 hornets
  2 trolls
  A shadow (D:8)
  A redback (Spider:2)
  A basilisk (D:10)
  A golden eye (Abyss:2)
  A water moccasin (D:10)
  An orc warrior (D:11)
  A black bear (D:10)
  2 ogres
  2 boggarts (Vaults:3)
  A small abomination (Abyss:2)
  A wight (D:8)
  A jelly (D:10)
  A centaur skeleton (D:8)
  5 orc wizards (Orc:2)
  An iguana (D:8)
  6 gnolls
  An adder (D:2)
  5 orcs
  A rat (D:2)
84 creatures vanquished.

Vanquished Creatures (others)
  A deep elf knight (Vaults:2)
  An orb spider (Spider:3)
  A slime creature (D:8)
  A tarantella (Spider:1)
  Grum (Lair:1)
  A human (D:14)
  A warg (Orc:2)
  An orc priest (D:5)
  A gnoll (D:4)
  An orc (Orc:2)
  14 foxfires (Lair:1)
  24 fungi
  A lurking horror (Abyss:2)
  74 plants
  4 starspawn tentacles (Abyss:2)
  A withered plant (Vaults:2)
128 creatures vanquished.

Grand Total: 1784 creatures vanquished

Notes
Turn   | Place    | Note
-------+----------+-------------------------------------------
     0 | D:1      | knot the Demonspawn Berserker began the quest for the Orb.
     0 | D:1      | Reached XP level 1. HP: 18/18 MP: 1/1
    88 | D:1      | Reached skill level 3 in Axes
    98 | D:1      | Gained mutation: You regenerate a little health from kills.
                  | [demonic ancestry]
    98 | D:1      | Reached XP level 2. HP: 17/24 MP: 2/2
  1156 | D:1      | Reached ** piety under Trog
  1168 | D:1      | Gained mutation: You regenerate health from kills. [demonic
                  | ancestry]
  1168 | D:1      | Reached XP level 3. HP: 25/29 MP: 3/3
  1466 | D:2      | Reached skill level 4 in Axes
  1807 | D:2      | Reached XP level 4. HP: 35/35 MP: 4/4
  1922 | D:2      | Noticed Jessica
  1941 | D:2      | Killed Jessica
  2386 | D:2      | Reached skill level 5 in Axes
  2397 | D:2      | Found a burning altar of Makhleb.
  3104 | D:3      | Found a runed translucent door.
  3104 | D:3      | Noticed lessens's ghost (amateur DrAM)
  3314 | D:4      | Gained mutation: When hurt, damage is shared between your
                  | health and your magic reserves. [demonic ancestry]
  3314 | D:4      | Reached XP level 5. HP: 41/41 MP: 5/5
  3497 | D:4      | Noticed an ogre
  3510 | D:4      | Killed an ogre
  3511 | D:4      | Reached skill level 6 in Axes
  3535 | D:4      | Found a glowing drain.
  3560 | D:4      | Gained mutation: You have a pair of small antennae on your
                  | head. [demonic ancestry]
  3560 | D:4      | Reached XP level 6. HP: 47/47 MP: 6/6
  3574 | Sewer    | Entered a sewer
  3653 | Sewer    | Noticed Purgy
  3665 | Sewer    | Killed Purgy
  3665 | Sewer    | Reached *** piety under Trog
  3892 | D:4      | Found Feucrok's Weapon Boutique.
  3906 | D:4      | Found a burning altar of Makhleb.
  4049 | D:4      | Reached skill level 7 in Axes
  4156 | D:5      | Entered Level 5 of the Dungeon
  4379 | D:5      | Reached XP level 7. HP: 52/52 MP: 7/7
  4926 | D:5      | Reached skill level 8 in Axes
  5247 | D:5      | Found a runed translucent gate.
  5247 | D:5      | Found a runed translucent gate.
  5250 | D:5      | Found a runed translucent gate.
  5250 | D:5      | Noticed tinescath's ghost (novice DEFE)
  5251 | D:5      | Identified the +6 scale mail "Kickujed" {*Drain rC+++}
  5256 | D:5      | Found a roughly hewn altar of Beogh.
  5763 | D:3      | Killed lessens's ghost
  5764 | D:3      | Reached skill level 9 in Axes
  5764 | D:3      | Gained mutation: You have a pair of antennae on your head.
                  | [demonic ancestry]
  5764 | D:3      | Reached XP level 8. HP: 58/58 MP: 8/8
  5916 | D:6      | Found Logeniuw's Jewellery Shoppe.
  5949 | D:6      | Found Wehaob's Jewellery Emporium.
  6220 | D:6      | Found a radiant altar of Vehumet.
  6278 | D:6      | Found Uxzaigg's General Store.
  6293 | D:6      | Found Besch's Magic Scroll Shop.
  6380 | D:6      | Found Posues's Armour Shop.
  6391 | D:6      | Found a staircase to the Ecumenical Temple.
  6400 | D:6      | Noticed Blork the orc
  6414 | D:6      | Killed Blork the orc
  6415 | D:6      | Reached skill level 10 in Axes
  6421 | Temple   | Entered the Ecumenical Temple
  6924 | D:6      | Found a bloodstained altar of Trog.
  6976 | D:6      | Found a glowing silver altar of Zin.
  7439 | D:4      | Killed tinescath's ghost
  7485 | D:5      | Reached **** piety under Trog
  7676 | D:7      | Reached skill level 11 in Axes
  7676 | D:7      | Reached XP level 9. HP: 63/63 MP: 9/9
  7835 | D:7      | Reached skill level 1 in Throwing
  8204 | D:7      | Noticed Joseph
  8208 | D:7      | Noticed Joseph
  8208 | D:7      | Joseph changed into Joseph the black bear
  8217 | D:7      | Killed Joseph the black bear
  8395 | D:7      | Found a glowing golden altar of the Shining One.
  8546 | D:7      | Found a hazy altar of Hepliaklqana.
  8556 | D:7      | Found a blossoming altar of Fedhas.
  8727 | D:8      | Noticed a two-headed ogre
  8749 | D:8      | Killed a two-headed ogre
  8805 | D:8      | Reached skill level 12 in Axes
  8836 | D:8      | Reached skill level 5 in Throwing
  8852 | D:8      | Noticed Psyche
  8853 | D:8      | Noticed Psyche
  8853 | D:8      | Psyche changed into Psyche the acid dragon
  8866 | D:8      | Killed Psyche the acid dragon
  8911 | D:8      | Reached XP level 10. HP: 66/70 MP: 10/10
  8994 | D:8      | Noticed a two-headed ogre
  9007 | D:8      | Killed a two-headed ogre
  9502 | D:8      | Reached ***** piety under Trog
  9535 | D:8      | Noticed a two-headed ogre
  9540 | D:8      | Killed a two-headed ogre
  9617 | D:8      | Noticed Pikel
  9637 | D:8      | Killed Pikel
  9988 | D:8      | Reached skill level 13 in Axes
 10278 | D:8      | Found a runed translucent door.
 10304 | D:8      | Noticed a gargoyle
 10321 | D:8      | Killed a gargoyle
 11032 | D:8      | Identified the amulet "Sueckuiffoe" {Spirit rElec rF++}
 11032 | D:8      | Noticed a centaur warrior
 11043 | D:8      | Killed a centaur warrior
 11044 | D:8      | Reached XP level 11. HP: 73/75 MP: 11/11
 11142 | D:8      | Got a crude lapis lazuli ring
 11143 | D:8      | Identified the ring "Norphasty" {Will+ Str-3 Int+6} (You
                  | found it on level 8 of the Dungeon)
 11150 | D:8      | Got a scorched copper ring
 11151 | D:8      | Identified the ring "Ageong" {rF+ MP+9} (You found it on
                  | level 8 of the Dungeon)
 11209 | D:8      | Got a sparkling steel ring
 11210 | D:8      | Identified the ring "Bimn" {*Contam Will+ Dex+2 SInv} (You
                  | found it on level 8 of the Dungeon)
 11680 | D:9      | Found a white marble altar of Elyvilon.
 11754 | D:9      | Noticed a centaur warrior
 11754 | D:9      | Noticed a centaur warrior
 11762 | D:9      | Noticed a boulder beetle
 12343 | D:9      | Killed a centaur warrior
 12398 | D:9      | Killed a centaur warrior
 12680 | D:9      | Killed a boulder beetle
 12897 | D:10     | Entered Level 10 of the Dungeon
 13044 | D:10     | Reached skill level 14 in Axes
 13139 | D:10     | Found a staircase to the Lair.
 13498 | D:10     | Found Wyfum's Armour Emporium.
 14206 | D:11     | Reached skill level 10 in Throwing
 14462 | D:11     | Gained mutation: Your movements are slightly less
                  | encumbered by armour. (ER -2) [demonic ancestry]
 14462 | D:11     | Reached XP level 12. HP: 81/81 MP: 12/12
 14788 | D:11     | Noticed a boulder beetle
 14823 | D:11     | Killed a boulder beetle
 15844 | D:11     | Reached skill level 15 in Axes
 16138 | D:11     | Found a staircase to the Orcish Mines.
 16170 | D:11     | Noticed a six-headed hydra
 16186 | D:11     | Killed a four-headed hydra
 17101 | D:6      | Bought a +1 crystal plate armour for 870 gold pieces
 17248 | Lair:1   | Entered Level 1 of the Lair of Beasts
 17248 | Lair:1   | Noticed Grum
 17271 | Lair:1   | Killed Grum
 17689 | Lair:1   | Found a dark tunnel.
 17719 | Volcano  | Entered a volcano
 17931 | Volcano  | Found a burning altar of Makhleb.
 17981 | Volcano  | Noticed a stone giant
 17995 | Volcano  | Killed a stone giant
 18319 | Lair:1   | Noticed an eight-headed hydra
 18329 | Lair:1   | Killed a five-headed hydra
 18335 | Lair:1   | Gained mutation: Your movements are less encumbered by
                  | armour. (ER -4) [demonic ancestry]
 18335 | Lair:1   | Reached XP level 13. HP: 61/86 MP: 7/13
 19679 | Lair:2   | Reached skill level 16 in Axes
 20072 | Lair:2   | Noticed Harold
 20085 | Lair:2   | Killed Harold
 20168 | Lair:2   | Found a staircase to the Swamp.
 20170 | Lair:2   | Found a hole to the Spider Nest.
 20213 | Lair:2   | Found a sparkling altar of Nemelex Xobeh.
 21464 | Lair:4   | Found a gate leading to a gauntlet.
 21470 | Gauntlet | Entered a Gauntlet
 21470 | Gauntlet | Found a transporter.
 21470 | Gauntlet | Found a transporter.
 21470 | Gauntlet | Found a transporter.
 21470 | Gauntlet | Noticed a blizzard demon
 21475 | Gauntlet | Found a transporter.
 21513 | Gauntlet | Found a transporter.
 21535 | Gauntlet | Found a transporter.
 21541 | Gauntlet | Found a transporter.
 21549 | Gauntlet | Found a transporter.
 21567 | Gauntlet | Found a transporter.
 21575 | Gauntlet | Found a transporter.
 21593 | Gauntlet | Found a transporter.
 21628 | Gauntlet | Found a transporter.
 21749 | Gauntlet | Killed a blizzard demon
 21803 | Gauntlet | Got a steaming pewter ring
 21806 | Gauntlet | Identified the ring of Ephemeral Luck {rC+ rN+ Will+ Str-3
                  | Stlth-} (You found it in a Gauntlet)
 21840 | Gauntlet | Noticed a minotaur
 21854 | Gauntlet | Killed a minotaur
 21878 | Gauntlet | Identified the Grimoire of Creative Enchantment
 21881 | Gauntlet | Got a clouded marble ring
 21883 | Gauntlet | Identified the ring of the Magpie {*Drain rElec rC+ Int+7
                  | Stlth+} (You found it in a Gauntlet)
 21887 | Gauntlet | Identified the cursed +1 robe of the Trout {Will- rCorr
                  | MP+9 Slay+5} (You found it in a Gauntlet)
 21889 | Gauntlet | Identified the +7 hand crossbow of Bitok {flame, Int+4}
                  | (You found it in a Gauntlet)
 22896 | Lair:4   | Got a scorched scale mail
 23244 | Lair:4   | Identified the +3 scale mail of the Pits of Slime {Will+
                  | Int+4} (You found it on level 4 of the Lair of Beasts)
 23297 | Lair:5   | Gained mutation: You have a pair of large antennae on your
                  | head. (SInv) [demonic ancestry]
 23297 | Lair:5   | Reached XP level 14. HP: 72/93 MP: 10/14
 23432 | Lair:5   | Reached skill level 17 in Axes
 24144 | Lair:5   | Found a staircase to the Slime Pits.
 24148 | Lair:5   | Found a viscous altar of Jiyva.
 25687 | D:12     | Received a gift from Trog
 25767 | D:12     | Found a glowing silver altar of Zin.
 26147 | D:13     | Noticed Maurice
 26165 | D:13     | Killed Maurice
 26519 | D:13     | Identified the Volume of Ice and Beguiling
 26870 | D:14     | Reached skill level 15 in Throwing
 27060 | D:14     | Found a blossoming altar of Fedhas.
 27061 | D:14     | Noticed Kirke
 27170 | D:14     | Noticed a sphinx
 27175 | D:14     | Killed Kirke
 27524 | D:14     | Found a gate to the Vaults.
 27691 | D:14     | Reached skill level 18 in Axes
 27849 | D:14     | Gained mutation: You regenerate magic rapidly. [demonic
                  | ancestry]
 27849 | D:14     | Reached XP level 15. HP: 98/98 MP: 15/15
 27883 | D:14     | Noticed Rupert
 27903 | D:14     | Killed Rupert
 27915 | D:14     | Found Amavot's Antique Armour Boutique.
 28298 | D:15     | Entered Level 15 of the Dungeon
 29187 | D:15     | Found a staircase to the Depths.
 29690 | Orc:1    | Entered Level 1 of the Orcish Mines
 30071 | Orc:2    | Entered Level 2 of the Orcish Mines
 30075 | Orc:2    | Noticed an orc warlord
 30100 | Orc:1    | Killed an orc warlord
 30601 | Orc:2    | Found a staircase to the Elven Halls.
 30659 | Orc:2    | Found a burning altar of Makhleb.
 30910 | Orc:1    | Received a gift from Trog
 31210 | Orc:2    | Found Giwohine's Magic Scroll Boutique.
 31239 | Orc:2    | Found an ancient bone altar of Kikubaaqudgha.
 31239 | Orc:2    | Noticed Donald
 31239 | Orc:2    | Noticed Nergalle
 31248 | Orc:2    | Killed Donald
 31249 | Orc:2    | Killed Nergalle
 31264 | Orc:2    | Found Wiur Ileul's Book Shop.
 31273 | Orc:2    | Noticed Erolcha
 31282 | Orc:2    | Found a radiant altar of Vehumet.
 31310 | Orc:2    | Killed Erolcha
 31466 | Orc:2    | Found a roughly hewn altar of Beogh.
 31466 | Orc:2    | Found Tedgh's Distillery.
 31600 | Orc:2    | Found Cawezxos's Antique Armour Shop.
 31811 | Orc:2    | Bought a pair of embroidered boots for 240 gold pieces
 31946 | D:14     | Bought a pair of embroidered boots for 180 gold pieces
 32176 | D:6      | Bought a scroll of acquirement for 728 gold pieces
 32176 | D:6      | Acquired a manual of Dodging
 32304 | Swamp:1  | Entered Level 1 of the Swamp
 34028 | Swamp:1  | Reached skill level 5 in Fighting
 34992 | Swamp:1  | Paralysed by a hornet for 3 turns
 34999 | Swamp:1  | Paralysed by a hornet for 1 turns
 35013 | Swamp:1  | Reached skill level 5 in Dodging
 36859 | Swamp:2  | Reached XP level 16. HP: 111/111 MP: 16/16
 37009 | Swamp:2  | Reached skill level 5 in Armour
 39625 | Swamp:3  | Noticed Bai Suzhen
 39636 | Swamp:3  | Killed Bai Suzhen
 39880 | Swamp:3  | Noticed Nikola
 39899 | Swamp:3  | Killed Nikola
 39900 | Swamp:3  | Reached skill level 19 in Axes
 40125 | Spider:1 | Entered Level 1 of the Spider Nest
 41852 | Spider:2 | Noticed Arachne
 41903 | Spider:2 | Killed Arachne
 42470 | Orc:2    | Bought a scroll of acquirement for 728 gold pieces
 42470 | Orc:2    | Acquired 459 gold pieces
 42472 | Orc:2    | Bought a scroll of enchant armour for 105 gold pieces
 42472 | Orc:2    | Bought a scroll of enchant armour for 105 gold pieces
 42872 | Spider:3 | Reached skill level 10 in Dodging
 42872 | Spider:3 | Gained mutation: Your movements are significantly less
                  | encumbered by armour. (ER -6) [demonic ancestry]
 42872 | Spider:3 | Reached XP level 17. HP: 124/124 MP: 15/17
 43574 | Spider:4 | Entered Level 4 of the Spider Nest
 45837 | Spider:4 | Paralysed by a hornet for 3 turns
 46257 | Spider:4 | Reached skill level 10 in Fighting
 46472 | Spider:4 | Paralysed by a hornet for 2 turns
 46929 | Spider:4 | Got a glittering marble ring
 46930 | Spider:4 | Identified the ring of Nilisiwn {rN+ Str+2} (You found it
                  | on level 4 of the Spider Nest)
 47068 | Spider:4 | Got a gossamer rune of Zot
 47309 | Vaults:1 | Entered Level 1 of the Vaults
 47342 | Vaults:1 | Received a gift from Trog
 47597 | Vaults:1 | Gained mutation: You regenerate a lot of health from kills.
                  | [demonic ancestry]
 47597 | Vaults:1 | Reached XP level 18. HP: 133/136 MP: 15/18
 47679 | Vaults:1 | Found Fiyma's Assorted Antiques.
 48116 | Vaults:1 | Reached ****** piety under Trog
 48160 | Vaults:1 | Reached skill level 20 in Axes
 48167 | Vaults:1 | Reached skill level 10 in Armour
 48445 | Vaults:1 | Received a gift from Trog
 49248 | Vaults:2 | Received a gift from Trog
 49320 | Vaults:2 | Noticed an ancient lich
 49352 | Vaults:2 | Found a radiant altar of Vehumet.
 49356 | Vaults:2 | Found a transporter.
 49362 | Vaults:2 | Identified the amulet "Coavocom" {Acrobat rC++ Str-4 Int+2
                  | SInv}
 49403 | Vaults:2 | Reached XP level 19. HP: 132/146 MP: 16/19
 49409 | Vaults:2 | Cast into level 2 of the Abyss (a deep elf sorcerer)
 49757 | Vaults:2 | Escaped the Abyss
 49947 | Vaults:2 | Found a runed translucent door.
 49948 | Vaults:2 | Noticed hehateme's ghost (veteran KoHu)
 50019 | Vaults:2 | Received a gift from Trog
 50490 | Vaults:2 | Found a staircase to the Crypt.
 50726 | Vaults:2 | Killed hehateme's ghost
 50735 | Vaults:2 | Acquired a manual of Dodging
 51061 | Vaults:3 | Found a runed translucent gate.
 51061 | Vaults:3 | Found a runed translucent gate.
 51062 | Vaults:3 | Found a runed translucent gate.
 51063 | Vaults:3 | Noticed Xafer's ghost (adept DsGl)
 51165 | Vaults:3 | Received a gift from Trog
 51601 | Vaults:3 | Reached skill level 15 in Dodging
 52105 | Vaults:3 | Received a gift from Trog
 52109 | Vaults:3 | Gained mutation: Your flesh is cold resistant. (rC+)
                  | [demonic ancestry]
 52109 | Vaults:3 | Reached XP level 20. HP: 142/155 MP: 20/20
 52109 | Vaults:3 | Gained mutation: You are frail. (-10% HP) [mutagenic glow]
 52125 | Vaults:3 | Gained mutation: Armour fits poorly on your strangely
                  | shaped body. [mutagenic glow]
 52138 | Vaults:3 | Gained mutation: You are clumsy. (Dex -2) [mutagenic glow]
 52144 | Vaults:3 | Killed Xafer's ghost
 52160 | Vaults:3 | Gained mutation: Your magical capacity is low. (-10% MP)
                  | [mutagenic glow]
 52171 | Vaults:3 | Gained mutation: Your spells are a little easier to cast,
                  | but a little less powerful. [mutagenic glow]
 52183 | Vaults:3 | Identified the +3 cloak "Fiocsuuph" {rF+ rN+ Will+ Dex+4}
                  | (You found it on level 3 of the Vaults)
 52184 | Vaults:3 | Gained mutation: You are occasionally teleported next to
                  | monsters. [mutagenic glow]
 52196 | Vaults:3 | Gained mutation: You are weak. (Str -2) [mutagenic glow]
 52199 | Vaults:3 | Lost mutation: Your spells are a little easier to cast, but
                  | a little less powerful. [potion of mutation]
 52199 | Vaults:3 | Lost mutation: You are weak. (Str -2) [potion of mutation]
 52199 | Vaults:3 | Gained mutation: You have sharp fingernails. [potion of
                  | mutation]
 52199 | Vaults:3 | Gained mutation: You have supernaturally acute eyesight.
                  | (SInv) [potion of mutation]
 52200 | Vaults:3 | Lost mutation: You are frail. (-10% HP) [potion of
                  | mutation]
 52200 | Vaults:3 | Gained mutation: You are robust. (+10% HP) [potion of
                  | mutation]
 52201 | Vaults:3 | Lost mutation: Your magical capacity is low. (-10% MP)
                  | [potion of mutation]
 52201 | Vaults:3 | Lost mutation: You are clumsy. (Dex -2) [potion of
                  | mutation]
 52201 | Vaults:3 | Gained mutation: You are dopey. (Int -2) [potion of
                  | mutation]
 52201 | Vaults:3 | Gained mutation: You are covered in fur. (AC +1) [potion of
                  | mutation]
 52209 | Vaults:3 | Lost mutation: You have supernaturally acute eyesight.
                  | (SInv) [mutagenic glow]
 52209 | Vaults:3 | Gained mutation: Scrolls take you a little longer to read.
                  | [mutagenic glow]
 52313 | Vaults:1 | Bought a potion of mutation for 264 gold pieces
 52313 | Vaults:1 | Lost mutation: You are robust. (+10% HP) [potion of
                  | mutation]
 52313 | Vaults:1 | Lost mutation: Armour fits poorly on your strangely shaped
                  | body. [potion of mutation]
 52313 | Vaults:1 | Lost mutation: Scrolls take you a little longer to read.
                  | [potion of mutation]
 52313 | Vaults:1 | Gained mutation: You are strong-willed. (Will+) [potion of
                  | mutation]
 52313 | Vaults:1 | Gained mutation: Your muscles are strong. (Str +2) [potion
                  | of mutation]
 52466 | Vaults:2 | Reached skill level 21 in Axes
 52479 | Vaults:2 | Found a transporter.
 52996 | Vaults:2 | Killed an ancient lich
 53221 | Depths:1 | Entered Level 1 of the Depths
 53318 | Depths:1 | Found Edepuex's Gadget Emporium.
 53347 | Depths:1 | Found a gateway to Hell.
 53359 | Depths:1 | Found a flickering gateway to a bazaar.
 53386 | Bazaar   | Entered a bazaar
 53392 | Bazaar   | Found Cusm's Antique Armour Shop.
 53418 | Bazaar   | Found Idupsy's Jewellery Shop.
 53516 | Depths:1 | Found Isyikit's Distillery.
 53565 | Depths:1 | Bought a potion of mutation for 88 gold pieces
 53565 | Depths:1 | Lost mutation: You are covered in fur. (AC +1) [potion of
                  | mutation]
 53565 | Depths:1 | Lost mutation: You have sharp fingernails. [potion of
                  | mutation]
 53565 | Depths:1 | Gained mutation: You have large cloven feet. [potion of
                  | mutation]
 53565 | Depths:1 | Gained mutation: You have supernaturally acute eyesight.
                  | (SInv) [potion of mutation]
 54412 | Depths:2 | Found a magical portal.
 54415 | WizLab   | Entered Zonguldrok's Shrine
 54733 | WizLab   | Received a gift from Trog
 55023 | WizLab   | Noticed an antique lich
 55029 | WizLab   | Killed an antique lich
 55058 | WizLab   | Found the +9 sword of Zonguldrok {reap}
 56001 | Depths:2 | Found a one-way gate to the infinite horrors of the Abyss.
 56704 | Depths:2 | Gained mutation: You are immune to freezing clouds.
                  | [demonic ancestry]
 56704 | Depths:2 | Reached XP level 21. HP: 148/161 MP: 21/21
 56704 | Depths:2 | Quit the game

Illustrated notes

Levels and vault maps discovered:
D:1:      lemuel_arrival_hallway, layout_loops_corners
D:2:      layout_rooms, general_overflow_altar, uniq_jessica
D:3:      layout_loops_ring, gammafunk_ghost_grave
D:4:      layout_rooms, serial_shops, shop, cheibrodos_sewer_entry_drain,
          minmay_misc_feat_tower, bloody_makhleb
D:5:      layout_loops_cross, biasface_ghost_orc_armoury,
          chequers_serial_rivers_large_a, eino_tiny_chamber
D:6:      layout_loops_ring, lemuel_crystal_altar, vehumet_statue,
          minmay_temple_entry_junction_2, serial_shops, shop, shop_fountains,
          nicolae_shop_behind_doors, kennysheep_little_box, nicolae_shop_trees,
          grunt_decor_resistance, trog_book, uniq_blork_the_orc
D:7:      layout_loops_ring, amethyst_overflow_temple_binary, tso_altar,
          uniq_joseph
D:8:      minmay_the_grid_triangle_9x9_rhombus_full
          [minmay_the_grid_triangle_9x9_stretched_checkered,
          minmay_the_grid_triangle_9x9_warning,
          minmay_the_grid_triangle_9x9_flanged_cone,
          minmay_the_grid_triangle_9x9_sparse_checkered,
          minmay_the_grid_triangle_9x9_subtriangle,
          minmay_the_grid_triangle_9x9_zippers_horizontal,
          minmay_the_grid_triangle_9x9_impossible_snake,
          minmay_the_grid_triangle_9x9_prize_special], layout_loops_cross,
          uniq_pikel, uniq_psyche
D:9:      layout_loops_cross, old_standard_altar, minmay_radiant
D:10:     layout_basic, minmay_lair_entry_grove, serial_shops,
          nicolae_shop_stone
D:11:     lemuel_castle_with_subvaults [lemuel_castle_interior_carwin_3],
          layout_irregular_city, hiddenorc1_lemuel
D:12:     layout_gridville, basic_altar
D:13:     layout_roguey, uniq_maurice
D:14:     layout_loops_ring, david_vaults_1, fedhas_altar_1, serial_shops,
          nicolae_shop_stone, uniq_rupert, uniq_kirke
D:15:     hangedman_depths_entry_civil_slaughter, layout_grid_maze
Temple:   minmay_temple_bridge_d
Lair:1:   layout_chaotic_city, enter_volcano_1, pond, minmay_lair_oklob_chamber,
          uniq_grum
Lair:2:   layout_cave_shapes, swamp_mist, spider_nest_entry_web_field,
          basic_altar, patterned_corridor, infiniplex_staircase_pool_2,
          uniq_harold
Lair:3:   layout_cave_pods
Lair:4:   wander_river, layout_small_grid, gauntlet_entry_generic,
          chequers_serial_rivers_room_b, serial_bayou_lagoon_a,
          lemuel_fruit_tree
Lair:5:   beast_lair_carwin_large_2, layout_concentric_octagons, slime_altar_1,
          grunt_megastairs_2
Swamp:1:  layout_basic_swamp, nicolae_swamp_feature_on_the_river_bank,
          st_swamp_ruins_2
Swamp:2:  layout_basic_swamp, evilmike_swamp_ruin_house_6
Swamp:3:  layout_falls_marsh, nicolae_swamp_fairy_circle,
          infiniplex_staircase_pool, uniq_bai_suzhen, uniq_nikola
Spider:1: layout_spider_delve, drop_trap
Spider:2: layout_spider_delve, hangedman_spider_trapstep, uniq_arachne
Spider:3: nicolae_spider_mines_3
Spider:4: johnstein_spider_rune_arachne_lair
Orc:1:    layout_diamond_mine
Orc:2:    kennysheep_orc_mage_school, layout_diamond_mine, basic_altar,
          uniq_donald
Vaults:1: nicolae_vaults_big_ls, nicolae_vaults_good_morning_starshine,
          v_rooms_6, v_alt_pattern_4, v_misc_33, vaults_standard_mumra_x,
          hangedman_vaults_stretched_pinwheel, v_misc_16, v_rooms_2,
          ontoclasm_vaults_decontamination, vaults_dpeg_hooks,
          hangedman_vaults_cutoff, vaults_room_mumra_shop_pool,
          layout_vaults_maze_snakey
Vaults:2: gammafunk_vaults_ghost_grave, gammafunk_sealed_library,
          minmay_crypt_entry_skeletal_spiral, v_misc_3, hangedman_vaults_stream,
          nicolae_vaults_shelves_hall, v_misc_30,
          nicolae_vaults_border_crossing, v_misc_11,
          nicolae_vaults_yaktaur_gun_rack, layout_vaults_omnibox
Vaults:3: gammafunk_vaults_ghost_tricky_traps, v_misc_12, v_misc_19,
          nicolae_vaults_network_quincunx
          [nicolae_vaults_network_quincunx_subvault,
          nicolae_vaults_network_quincunx_subvault,
          nicolae_vaults_network_quincunx_subvault,
          nicolae_vaults_network_quincunx_subvault,
          nicolae_vaults_network_quincunx_subvault],
          nicolae_vaults_little_squares_2, ontoclasm_vaults_tryst,
          ontoclasm_vaults_ring_square, vaults_room_pool, vaults_room_grid,
          ontoclasm_vaults_loading_screen, layout_vaults_omnigrid
Depths:1: layout_cave_pools, hangedman_coc_ice_floe, serial_shops,
          bzr_entry_islet, nicolae_shop_behind_doors, shop,
          corexii_corridor_pit, bh_walls_and_bars
Depths:2: cell_vault, layout_small_grid, hell_entry, nicolae_two_hexagons,
          mu_enter_wizlab_7, abyss_entry_small_statue_room,
          gammafunk_ghost_tricky_traps, minmay_staircase_bubble

Skill      XL: |  1  2  3  4  5  6  7  8  9 10 11 12 13 14 15 16 17 18 19 20 |
---------------+-------------------------------------------------------------+-----
Axes           | 3 4 5 6 7 9 11 12 13 14 15 16 18 19 20 21 | 21.6
Throwing       | 5 8 10 12 13 15 | 15.5
Armour         | 4 7 9 10 12 13 | 13.7
Dodging        | 6 10 12 13 15 17 | 17.3
Fighting       | 5 8 10 12 | 12.8

Action                   |  1- 3 |  4- 6 |  7- 9 | 10-12 | 13-15 | 16-18 | 19-21 || total
-------------------------+-------+-------+-------+-------+-------+-------+-------++-------
Melee: Hand axe          |    96 |   228 |   202 |       |       |       |       ||   526
       War axe           |       |       |   182 |   276 |       |       |       ||   458
       Battleaxe         |       |       |       |   520 |  1356 |  1073 |  1191 ||  4140
       Scimitar          |       |       |       |     2 |       |       |       ||     2
       Executioner's axe |       |       |       |       |    23 |   435 |       ||   458
       Unarmed           |       |       |       |       |     1 |       |       ||     1
Throw: Dart              |     1 |     6 |     2 |    32 |     7 |    95 |     1 ||   144
       Boomerang         |       |       |    12 |   152 |   271 |    68 |    20 ||   523
       Throwing net      |       |       |     1 |       |     1 |       |       ||     2
       Stone             |       |       |       |     4 |     7 |     5 |       ||    16
Invok: Berserk           |     3 |     3 |    13 |    24 |    19 |     5 |     3 ||    70
       Trog's Hand       |       |       |     2 |     2 |     3 |     2 |     2 ||    11
       Brothers in Arms  |       |       |       |    15 |    19 |    14 |    23 ||    71
 Abil: Stop Flying       |       |       |       |       |       |       |     1 ||     1
       Evoke Flight      |       |       |       |       |       |       |     1 ||     1
Evoke: Wand              |       |       |    13 |    29 |     8 |     5 |     3 ||    58
       Phantom mirror    |       |       |       |     1 |       |       |     1 ||     2
       Box of beasts     |       |       |       |       |     1 |     1 |     2 ||     4
       Tin of tremorston |       |       |       |       |     1 |     2 |       ||     3
  Use: Scroll            |       |     9 |     8 |    16 |    27 |    22 |     6 ||    88
       Potion            |       |       |     4 |    11 |     5 |     3 |    13 ||    36
 Stab: Paralysed         |       |       |    11 |       |       |       |       ||    11
       Held in net/web   |       |       |     1 |       |       |       |       ||     1
       Sleeping          |       |       |       |     1 |       |       |       ||     1
       Invisible         |       |       |       |     3 |     7 |       |       ||    10
       Distracted        |       |       |       |     1 |       |     1 |     1 ||     3
Armor: Animal skin       |    20 |    62 |    62 |   108 |       |       |       ||   252
       Troll leather arm |       |       |       |    99 |       |       |       ||    99
       Crystal plate arm |       |       |       |    96 |   959 |  1039 |   467 ||  2561
Dodge: Dodged            |    70 |   180 |   216 |   455 |   526 |  1076 |   881 ||  3404
       Repelled          |       |       |       |     2 |    13 |     8 |    19 ||    42
Block: Other             |       |    20 |    74 |   163 |   291 |   329 |   183 ||  1060
       Reflection        |       |     3 |     6 |     7 |     8 |     8 |    19 ||    51

Table legend: (Time is in decaauts)
 A = Elapsed time spent in this place.
 B = Non-inter-level travel time spent in this place.
 C = Inter-level travel time spent in this place.
 D = Time resting spent in this place.
 E = Time spent auto-exploring this place.
 F = Levels seen in this place.
 G = Mean time per level.
                   A        B        C        D        E       F      G
               +--------+--------+--------+--------+--------+-----+--------+
         Total |  56310 |  52638 |   3672 |  17470 |  22675 |  41 | 1373.4 |
       Dungeon |  22837 |  20949 |   1888 |   6506 |   9872 |  15 | 1522.5 |
        Temple |    385 |    376 |      9 |    153 |    223 |   1 |  385.0 |
          Lair |   9869 |   9356 |    513 |   5122 |   3121 |   5 | 1973.8 |
         Swamp |   4870 |   4681 |    189 |   1920 |   1560 |   3 | 1623.3 |
   Spider Nest |   6220 |   5827 |    393 |   1718 |   2728 |   4 | 1555.0 |
  Orcish Mines |   2109 |   1788 |    321 |    325 |    932 |   2 | 1054.5 |
        Vaults |   5144 |   4821 |    323 |    429 |   2660 |   3 | 1714.7 |
        Depths |   2538 |   2504 |     34 |    758 |   1000 |   2 | 1269.0 |
         Abyss |    312 |    312 |      0 |      0 |    167 |   1 |  312.0 |
        Bazaar |     96 |     96 |      0 |      0 |     39 |   1 |   96.0 |
         Sewer |    215 |    215 |      0 |     60 |     98 |   1 |  215.0 |
       Volcano |    593 |    593 |      0 |    251 |    204 |   1 |  593.0 |
        Wizlab |    695 |    695 |      0 |    222 |     70 |   1 |  695.0 |
      Gauntlet |    420 |    420 |      0 |      4 |      0 |   1 |  420.0 |
               +--------+--------+--------+--------+--------+-----+--------+

Top non-repeatable levels by time:
  Lair:2: 4338 daAuts
    D:11: 3447 daAuts
Spider:4: 3157 daAuts
     D:8: 3074 daAuts
 Swamp:1: 2607 daAuts
Vaults:2: 2090 daAuts
     D:5: 1890 daAuts
  Lair:1: 1872 daAuts
    D:10: 1821 daAuts
Depths:2: 1764 daAuts
  Lair:5: 1674 daAuts
Vaults:1: 1653 daAuts
     D:1: 1582 daAuts
    D:14: 1535 daAuts
 Swamp:2: 1459 daAuts
